 Dungeon Crawl Stone Soup version 0.30-a0-719-gcc4359ea44 (webtiles) character file.

Game seed: 10063833178079610010

136 Mitcholas the Shooter (level 4, 0/36 HPs)
             Began as a Draconian Hunter on Jan 26, 2023.
             Slain by an adder (2 damage)
             ... on level 6 of the Dungeon.
             The game lasted 00:02:55 (1853 turns).

Mitcholas the Shooter (Draconian Hunter)            Turns: 1853, Time: 00:02:57

Health: 0/36       AC:  5    Str: 13    XL:     4   Next: 98%
Magic:  4/4        EV: 12    Int:  9    God:
Gold:   111        SH:  0    Dex: 17    Spells: 3/3 levels left

rFire   . . .      SeeInvis .    a - +0 shortbow
rCold   . . .      Faith    .    (shield currently unavailable)
rNeg    . . .      Spirit   .    (body armour unavailable)
rPois   .          Reflect  .    (helmet restricted)
rElec   .          Harm     .    (no cloak)
rCorr   .          Rampage  .    (no gloves)
Will    .....                    (no boots)
Stlth   ++                       (no amulet)
HPRegen 0.26/turn                (no ring)
MPRegen 0.09/turn                (no ring)

@: lethally poisoned (0 -> -1)
A: AC +5, unfitting armour, cold-blooded
a: no special abilities


You were on level 6 of the Dungeon.
You visited 1 branch of the dungeon, and saw 5 of its levels.

You collected 111 gold pieces.

Inventory:

Hand Weapons
 a - a +0 shortbow (weapon)
Missiles
 h - 4 atropa-tipped darts
Scrolls
 b - a scroll of immolation
 c - 2 scrolls of fog {unknown}
 d - a scroll of enchant armour {unknown}
 f - 2 scrolls of brand weapon {unknown}
 j - a scroll of identify {unknown}
 k - a scroll of torment {unknown}
 m - 3 scrolls of teleportation {unknown}
 n - a scroll of enchant weapon {unknown}
Potions
 e - a potion of ambrosia {unknown}
 g - a potion of degeneration {unknown}
 i - a potion of magic {unknown}
 l - a potion of curing {unknown}
 o - a potion of resistance {unknown}
 p - a potion of attraction {unknown}


   Skills:
 - Level 2.1 Fighting
 + Level 5.8 Ranged Weapons
 - Level 1.7 Dodging
 - Level 0.8 Stealth


You had 3 spell levels left.
You didn't know any spells.
Your spell library contained the following spells:

 Spells                   Type           Power      Damage    Failure   Level
 Freeze                   Ice            0%         1d3       38%         1
 Frozen Ramparts          Ice            0%         1d1       77%         3
 Hailstorm                Conj/Ice       0%         3d3       77%         3


Dungeon Overview and Level Annotations

Branches:
Dungeon (6/15)
 Temple: D:4-7

Altars:
Fedhas
Gozag
Nemelex Xobeh

Shops:
D:1 :   D:2 (


Innate Abilities, Weirdness & Mutations

Your plain brown scales are hard. (AC +5)
You cannot fit into any form of body armour.
You are cold-blooded and may be slowed by cold attacks.


Message History

You are too injured to fight recklessly!
You are too injured to fight recklessly!
You are too injured to fight recklessly!
You are too injured to fight recklessly!
You are too injured to fight recklessly!
You are too injured to fight recklessly!
Fire: a) +0 shortbow
Press: ? - help, Q - select action, (/) - cycle Shift-Dir - straight line, f - adder
Aim: an adder (46% to hit)
You shoot an arrow. The arrow completely misses the adder.
You feel sick. The adder bites you.
* * * LOW HITPOINT WARNING * * *
The adder misses you.
Fire: a) +0 shortbow
Press: ? - help, Q - select action, (/) - cycle Shift-Dir - straight line, f/p - adder
Aim: an adder (46% to hit)
You shoot an arrow. The arrow misses the adder.
You feel sick. The adder misses you.
Fire: a) +0 shortbow
Press: ? - help, Q - select action, (/) - cycle Shift-Dir - straight line, f/p - adder
Aim: an adder (46% to hit)
You shoot an arrow. The arrow hits the adder.
The adder is lightly wounded.
You feel sick. The adder bites you.
* * * LOW HITPOINT WARNING * * *
The adder barely misses you.
Fire: a) +0 shortbow
Press: ? - help, Q - select action, (/) - cycle Shift-Dir - straight line, f/p - adder
Aim: an adder (lightly wounded, 46% to hit)
You shoot an arrow. The arrow barely misses the adder.
* * * LOW HITPOINT WARNING * * *
You feel sick. The adder closely misses you. x2
Fire: a) +0 shortbow
Press: ? - help, Q - select action, (/) - cycle Shift-Dir - straight line, f/p - adder
Aim: an adder (lightly wounded, 46% to hit)
You shoot an arrow. The arrow hits the adder.
The adder is moderately wounded.
* * * LOW HITPOINT WARNING * * *
You feel sick. The adder bites you.
You die...

.####..##.#.#######
............#
###.##.##.### #.
#...# #. ###)# ..
#.# #. #.# #. #)#
#. #@# #S# #.....#
#....... ##....###
#..... ###....
#####


You could see an adder.

Vanquished Creatures
  An iguana (D:3)
  4 adders
  2 worms
  2 dart slugs
  5 orcs
  5 bats
  9 endoplasms
  A giant cockroach (D:3)
  A goblin (D:1)
  4 hobgoblins
  4 jackals (D:1)
  10 kobolds
  3 quokkas
  2 ball pythons (D:2)
  A frilled lizard (D:1)
  4 rats
58 creatures vanquished.

Vanquished Creatures (others)
  7 plants (D:1)
7 creatures vanquished.

Grand Total: 65 creatures vanquished

Notes
Turn   | Place    | Note
-------+----------+-------------------------------------------
     0 | D:1      | Mitcholas the Draconian Hunter began the quest for the Orb.
     0 | D:1      | Reached XP level 1. HP: 17/17 MP: 1/1
   175 | D:1      | Reached skill level 4 in Ranged Weapons
   180 | D:1      | Reached XP level 2. HP: 24/24 MP: 2/2
   233 | D:1      | Found Goxaw's Book Emporium.
   721 | D:2      | Found Buppaogehao's Antique Weapon Shoppe.
   727 | D:2      | Reached XP level 3. HP: 29/29 MP: 3/3
   841 | D:2      | Reached skill level 5 in Ranged Weapons
  1003 | D:2      | Reached XP level 4. HP: 36/36 MP: 4/4
  1057 | D:2      | Found an opulent altar of Gozag.
  1132 | D:3      | Found a sparkling altar of Nemelex Xobeh.
  1567 | D:3      | Found a faded altar of an unknown god.
  1708 | D:3      | Found a blossoming altar of Fedhas.
  1804 | D:4      | You fall into a shaft and drop 2 floors!
  1853 | D:6      | Slain by an adder

Illustrated notes

Levels and vault maps discovered:
D:1:      dpeg_arrival_simpleton_b, layout_rooms, serial_bayou,
          serial_bayou_ford_a, serial_bayou_lake_a, serial_bayou_pond_c,
          serial_bayou_lagoon_a, serial_shops, shop
D:2:      layout_rooms, basic_altar, serial_shops, shop,
          hangedman_decor_riveting
D:3:      layout_basic, mainiacjoe_overflow_alcove_1,
          mainiacjoe_overflow_alcove_4, chequers_ecumenical_altar_simple
D:4:      layout_gridville, nicolae_overflow_crystal_walls,
          mainiacjoe_overflow_cross_hatched, uniq_grinder,
          uniq_crazy_yiuf_cottage
D:6:      layout_loops_ring, pdpol_wu_jian_five_deadly_venoms,
          gammafunk_ghost_gnarly_gnolls, serial_shops, shop, uniq_prince_ribbit1

Skill      XL: |  1  2  3 |
---------------+----------+-----
Ranged Weapons | 4 5 |  5.8
Fighting       | |  2.1
Dodging        | |  1.7
Stealth        | |  0.8

Action                     |  1- 3 |  4- 6 || total
---------------------------+-------+-------++-------
   Fire: Shortbow          |    89 |    85 ||   174
 Armour: Skin              |     6 |     8 ||    14
  Dodge: Dodged            |    18 |    31 ||    49

Table legend: (Time is in decaauts)
 A = Elapsed time spent in this place.
 B = Non-inter-level travel time spent in this place.
 C = Inter-level travel time spent in this place.
 D = Time resting spent in this place.
 E = Time spent auto-exploring this place.
 F = Levels seen in this place.
 G = Mean time per level.
                   A        B        C        D        E       F      G
               +--------+--------+--------+--------+--------+-----+--------+
         Total |   1937 |   1806 |    131 |      0 |   1466 |   5 |  387.4 |
       Dungeon |   1937 |   1806 |    131 |      0 |   1466 |   5 |  387.4 |
               +--------+--------+--------+--------+--------+-----+--------+

Top non-repeatable levels by time:
     D:1: 777 daAuts
     D:3: 626 daAuts
     D:2: 402 daAuts
     D:4: 79 daAuts
     D:6: 52 daAuts
